 Dungeon Crawl Stone Soup version 0.28-a0-199-g298df9dbad (webtiles) character file.

Game seed: 7638548075335543595

123 theanonym the Skirmisher (level 4, 0/35 HPs)
             Began as a Mummy Brigand on Aug 20, 2021.
             Slain by a hobgoblin (4 damage)
             ... on level 2 of the Dungeon.
             The game lasted 00:04:41 (3701 turns).

theanonym the Skirmisher (Mummy Brigand)            Turns: 3701, Time: 00:04:42

Health: 0/35       AC:  4    Str: 15    XL:     4   Next: 80%
Magic:  4/4        EV: 11    Int: 10    God:
Gold:   38         SH:  0    Dex: 13    Spells: 3/3 levels left

rFire   x . .      SeeInvis .   f - +0 club
rCold   + . .      Faith    .   (no shield)
rNeg    + + +      Spirit   .   h - +0 leather armour
rPois   ∞          Reflect  .   (no helmet)
rElec   .          Harm     .   c - +0 cloak
rCorr   .          Rampage  .   (no gloves)
Will    .....                   (no boots)
Stlth   ++........              (no amulet)
HPRegen 0.11/turn               (no ring)
MPRegen 0.09/turn               (no ring)

@: no status effects
A: cold resistance 1, negative energy resistance 3, torment resistance 2, heat
vulnerability 1, no potions
a: no special abilities


Innate Abilities, Weirdness & Mutations

You are immune to poison.
Your flesh is cold resistant. (rC+)
You are immune to negative energy. (rN+++)
You are immune to unholy pain and torment.
You are vulnerable to heat. (rF-)
You do not drink.


   Skills:
 + Level 3.3 Fighting
 - Level 1.5 Short Blades
 * Level 2.9 Maces & Flails
 - Level 1.5 Throwing
 - Level 0.7 Dodging
 - Level 3.2 Stealth


You had 3 spell levels left.
You didn't know any spells.
Your spell library contained the following spells:

 Spells                   Type           Power      Damage    Failure   Level
 Alistair's Intoxication  Tmut/Pois      0%         N/A       100%        5
 Borgnjor's Vile Clutch   Necr/Erth      0%         N/A       100%        5
 Eringya's Noxious Bog    Tmut/Pois      0%         N/A       100%        6

Skill      XL: |  1  2  3 |
---------------+----------+-----
Maces & Flails | 1 2 |  2.9
Fighting       | 3 |  3.3
Short Blades   | |  1.5
Throwing       | |  1.5
Dodging        | |  0.7
Stealth        | |  3.2

Action                   |  1- 3 |  4- 6 || total
-------------------------+-------+-------++-------
Melee: Club              |   165 |    86 ||   251
       Dagger            |     3 |       ||     3
Throw: Dart              |    16 |    12 ||    28
 Stab: Sleeping          |     9 |     1 ||    10
Armor: Robe              |    55 |     6 ||    61
       Leather armour    |       |    31 ||    31
Dodge: Dodged            |   120 |    91 ||   211

Inventory:

Hand Weapons
 f - a +0 club (weapon)
Missiles
 d - 23 poisoned darts (quivered)
 e - 2 curare-tipped darts
Armour
 c - a +0 cloak (worn)
 h - a +0 leather armour (worn)
Scrolls
 g - a scroll of holy word {unknown}


You were on level 2 of the Dungeon.
You visited 1 branch of the dungeon, and saw 2 of its levels.

You collected 38 gold pieces.

Dungeon Overview and Level Annotations

Branches:
Dungeon (2/15)

Altars:

#.# #.......#
#.#####w......#
#......###.#####
############.# #.....#
#...†.....##.# #.....#
#.#######.##.###.....#
#.#.# #.##.##.)..###
#.#)#####.##.##....#
#.#...@g...#.##....#
#.#.#####..#.##....#
#.#.# #..#.###.###
#.#<# #..#.###.#
#.#######........#
#..........#.#####
############.# ### #.#
#<# #.#


You could see a hobgoblin.

Notes
Turn   | Place    | Note
-------+----------+-------------------------------------------
     0 | D:1      | theanonym the Mummy Brigand began the quest for the Orb.
     0 | D:1      | Reached XP level 1. HP: 16/16 MP: 1/1
   276 | D:1      | Reached XP level 2. HP: 23/23 MP: 2/2
   340 | D:1      | Reached skill level 1 in Maces & Flails
   510 | D:1      | HP: 10/23 [quokka (2)]
   515 | D:1      | HP: 8/23 [ball python (2)]
  1282 | D:1      | Reached XP level 3. HP: 26/28 MP: 3/3
  1296 | D:1      | Found a faded altar of an unknown god.
  1429 | D:1      | HP: 13/28 [adder (4)]
  1674 | D:2      | HP: 11/28 [worm (10)]
  1935 | D:2      | Reached skill level 2 in Maces & Flails
  2273 | D:2      | Reached skill level 3 in Fighting
  2300 | D:2      | HP: 14/29 [adder (2)]
  2303 | D:2      | Reached XP level 4. HP: 18/35 MP: 4/4
  2317 | D:2      | HP: 16/35 [gnoll (3)]
  2332 | D:2      | HP: 12/35 [bat (1)]
  2548 | D:1      | HP: 14/35 [gnoll (9)]
  2921 | D:2      | HP: 16/35 [gnoll (6)]
  2930 | D:2      | HP: 15/35 [gnoll (2)]
  2949 | D:1      | HP: 12/35 [gnoll (3)]
  2955 | D:1      | HP: 11/35 [gnoll (1)]
  2961 | D:1      | HP: 8/35 [gnoll (2)]
  3420 | D:2      | HP: 14/35 [gnoll (7)]
  3668 | D:2      | HP: 16/35 [hobgoblin (4)]
  3684 | D:2      | HP: 7/35 [hobgoblin (3)]
  3685 | D:2      | HP: 2/35 [hobgoblin (5)]
  3701 | D:2      | Slain by a hobgoblin

Vanquished Creatures
  4 gnolls
  3 adders
  A worm (D:2)
  3 ball pythons
  6 bats
  4 endoplasms
  4 giant cockroaches
  5 goblins
  4 hobgoblins (D:1)
  3 jackals
  6 kobolds
  3 quokkas
  A frilled lizard (D:2)
  6 rats
53 creatures vanquished.

Vanquished Creatures (others)
  A plant (D:1)
1 creature vanquished.

Grand Total: 54 creatures vanquished

Table legend: (Time is in decaauts)
 A = Elapsed time spent in this place.
 B = Non-inter-level travel time spent in this place.
 C = Inter-level travel time spent in this place.
 D = Time resting spent in this place.
 E = Time spent auto-exploring this place.
 F = Levels seen in this place.
 G = Mean time per level.
                   A        B        C        D        E       F      G
               +--------+--------+--------+--------+--------+-----+--------+
         Total |   3762 |   3586 |    176 |   1856 |    966 |   2 | 1881.0 |
       Dungeon |   3762 |   3586 |    176 |   1856 |    966 |   2 | 1881.0 |
               +--------+--------+--------+--------+--------+-----+--------+

Top non-repeatable levels by time:
     D:1: 2637 daAuts
     D:2: 1124 daAuts
